Construct Section Command Post
Selects Air and Sea Battlegroup
Construct Platoon Command Post
Selects Commando Section Paradrop
Commando Section Paradrop
Selects M1 Pack Howitzer Paradrop
Construct Company Command Post
M1 Pack Howitzer Paradrop
Unlock Bishop Self-propelled Artillery
Bishop Self-propelled Artillery
Bishop Self-propelled Artillery
Commando Section Paradrop
Construct Field Infirmary
Selects Naval Bombardment
Commando Section Paradrop
Bishop Self-propelled Artillery
Commando Section Paradrop
Selects Anti-tank Rocket Loiter